[Event "Team 45 45 League T91"]
[Site "Internet Chess Club"]
[Date "2022.02.18"]
[Round "6"]
[White "rgadoury"]
[Black "tamky70"]
[Result "0-1"]
[WhiteElo "1136"]
[BlackElo "1231"]
[Opening "Alekhine's defense"]
[ECO "B02"]
[Time "17:00:47"]
[PlyCount "104"]
[TimeControl "2700+45"]

1. e4 Nf6 2. Nc3 Nc6 3. Nf3 d6 4. Bc4 Ne5 5. Nxe5 dxe5 6. O-O e6 7. a3 c6 8. d3
Be7 9. Qf3 Nd7 10. Be3 Bf6 11. Ne2 c5 12. b4 b6 13. b5 O-O 14. Ng3 Bb7 15. Bd2
a5 16. bxa6 Bxa6 17. Bxa6 Rxa6 18. c4 Nb8 19. a4 Nc6 20. Bc3 Nd4 21. Bxd4 cxd4
22. Rfb1 Be7 23. Qd1 Bc5 24. Qh5 Qd6 25. Rb5 Rfa8 26. Qd1 h6 27. h4 Qe7 28. Qg4
Rxa4 29. Rxa4 Rxa4 30. h5 Qg5 31. Qxg5 hxg5 32. Rb3 f6 33. Kh2 Kh7 34. Kh3 Kh6
35. f3 Ra2 36. Nf1 Kxh5 37. g4+ Kg6 38. Ng3 Ra3 39. Rxa3 Bxa3 40. Nh5 Bc1 41.
Ng3 Kf7 42. Ne2 Ba3 43. Kg2 g6 44. Kf1 Ke7 45. Ke1 Kd6 46. Kd1 Kc5 47. Nc1 Kb4
48. Kc2 Bxc1 49. Kxc1 Kc3 50. Kd1 Kxd3 51. Ke1 Kxc4 52. Kd2 b5 {White resigns}
0-1

[Event "Team 45 45 League T91"]
[Site "Internet Chess Club"]
[Date "2022.02.18"]
[Round "6"]
[White "QuieroAprender"]
[Black "filmdirector"]
[Result "1-0"]
[WhiteElo "1629"]
[BlackElo "1433"]
[Opening "two knights defense: Fritz variation"]
[ECO "C57"]
[Time "20:04:51"]
[PlyCount "113"]
[TimeControl "2700+45"]

1. e4 e5 2. Nf3 Nc6 3. Bc4 Nf6 4. Ng5 d5 5. exd5 Nd4 6. O-O b5 7. Bb3 Nxb3 8.
axb3 Nxd5 9. d4 Be7 10. dxe5 Bb7 11. Nf3 O-O 12. Qe2 Qd7 13. Rd1 Qg4 14. Rd4 Qg6
15. Qxb5 Nb6 16. Ne1 a6 17. Qd3 Qh5 18. Bf4 Bc5 19. Qd1 Qg6 20. Rd2 Rad8 21. Nc3
Rxd2 22. Qxd2 Re8 23. Na4 Nxa4 24. Rxa4 f6 25. Qd3 fxe5 26. Qxg6 hxg6 27. Be3
Bd6 28. f3 Kf7 29. Kf2 Rh8 30. h3 Re8 31. Nd3 e4 32. fxe4 Rxe4 33. Rxe4 Bxe4 34.
Ne1 Be7 35. c3 Bf5 36. Nf3 c5 37. Ne5+ Ke6 38. Nc6 Bd6 39. Nd8+ Kd5 40. c4+ Ke4
41. Nb7 Be7 42. Bxc5 Bf6 43. Ba3 Bd4+ 44. Ke2 Kf4 45. Bd6+ Kg5 46. Nc5 Bxb2 47.
Nxa6 Be4 48. g3 Bg2 49. h4+ Kg4 50. b4 Bf6 51. b5 g5 52. hxg5 Bxg5 53. c5 Kf5
54. c6 Ke6 55. Bb4 Bh3 56. b6 Kd5 57. b7 {Black resigns} 1-0

[Event "Team 45 45 League T91"]
[Site "Internet Chess Club"]
[Date "2022.02.18"]
[Round "6"]
[White "liujf"]
[Black "mongmong"]
[Result "0-1"]
[WhiteElo "1568"]
[BlackElo "1548"]
[Opening "Queen's pawn"]
[ECO "A40"]
[Time "18:11:41"]
[PlyCount "146"]
[TimeControl "2700+45"]

1. d4 e6 2. Bf4 Nf6 3. e3 c5 4. Nc3 Qa5 5. Qd2 Nc6 6. Nb5 Qxd2+ 7. Kxd2 Nd5 8.
Bg3 a6 9. Nd6+ Bxd6 10. Bxd6 cxd4 11. exd4 Nxd4 12. c4 Ne7 13. Ne2 Nxe2 14. Bxe2
f6 15. Bf3 Nc6 16. Rhc1 Nd4 17. Be4 f5 18. Kd3 Nc6 19. Bf3 Nd8 20. Re1 Nf7 21.
Bb4 Ng5 22. Bd1 b6 23. h4 Ne4 24. Bc2 Bb7 25. f3 Nf6 26. Kc3 Kf7 27. Rad1 Rac8
28. Rd6 Rc6 29. Rxc6 Bxc6 30. c5 b5 31. Ba5 Rc8 32. b4 d5 33. cxd6 Be4+ 34. Kb2
Bxc2 35. Rc1 Ke8 36. Rxc2 Rxc2+ 37. Kxc2 Kd7 38. Bb6 Kxd6 39. Kd3 Kd5 40. Bc7 g6
41. a3 Ne8 42. Bh2 e5 43. Bg1 Nd6 44. Kc3 Nc4 45. Kb3 e4 46. fxe4+ Kxe4 47. a4
Kd3 48. axb5 axb5 49. Ba7 Nd2+ 50. Kb2 Kc4 51. Bc5 Nb3 52. Bd6 Nd4 53. g3 Nc6
54. Ka3 Nd4 55. Kb2 h6 56. Be7 Nc6 57. Bf8 Nxb4 58. Bxh6 Nd5 59. Kc2 b4 60. Bg7
Nc3 61. Kb2 Ne2 62. Be5 b3 63. Kb1 Nc3+ 64. Kb2 Na4+ 65. Kb1 Kd3 66. Bf6 Ke3 67.
Be5 Kf3 68. Bf4 Nc3+ 69. Kb2 Ne2 70. Kxb3 Nxg3 71. Bg5 Kg4 72. Kc2 Ne2 73. Kd3
Ng1 {White resigns} 0-1

[Event "Team 45 45 League T91"]
[Site "Internet Chess Club"]
[Date "2022.02.18"]
[Round "6"]
[White "julesraider"]
[Black "WillC"]
[Result "1-0"]
[WhiteElo "1526"]
[BlackElo "1485"]
[Opening "King's Indian: 5.Nf3"]
[ECO "E90"]
[Time "11:01:22"]
[PlyCount "69"]
[TimeControl "2700+45"]

1. d4 Nf6 2. c4 g6 3. Nc3 Bg7 4. e4 d6 5. Nf3 Bg4 6. Be2 O-O 7. h3 Bxf3 8. Bxf3
c6 9. O-O Nbd7 10. Bg5 Qa5 11. Bd2 Qb6 12. c5 dxc5 13. Na4 Qc7 14. e5 Nd5 15.
Rc1 e6 16. Bxd5 cxd5 17. Nxc5 Nxc5 18. Rxc5 Qb6 19. Qc2 Qa6 20. a3 b6 21. Rc7 h5
22. Rc1 Rfe8 23. Bg5 Bf8 24. g3 Bg7 25. Kg2 Rf8 26. h4 Rfe8 27. g4 hxg4 28. h5
gxh5 29. Kg3 Rf8 30. Kh4 Qb5 31. Kxh5 Qe8 32. Bf6 g3 33. fxg3 Bxf6 34. exf6 e5
35. Qd2 {Black resigns} 1-0

[Event "Team 45 45 League T91"]
[Site "Internet Chess Club"]
[Date "2022.02.19"]
[Round "6"]
[White "blind-warrior"]
[Black "Toalla"]
[Result "1-0"]
[WhiteElo "1401"]
[BlackElo "1103"]
[Opening "Queen's pawn game"]
[ECO "A46"]
[Time "19:10:47"]
[PlyCount "91"]
[TimeControl "2700+45"]

1. d4 Nf6 2. Nf3 c6 3. Bf4 d5 4. c3 Nbd7 5. Ne5 e6 6. Nd2 Nxe5 7. dxe5 Ne4 8.
Nxe4 dxe4 9. Qxd8+ Kxd8 10. f3 exf3 11. exf3 Be7 12. Bd3 h6 13. b4 Bd7 14. O-O
g5 15. Be3 Kc7 16. a4 a6 17. a5 Rhc8 18. Bb6+ Kb8 19. Bc5 Bf8 20. Rfd1 Bxc5+ 21.
bxc5 Kc7 22. Rab1 Rab8 23. Be4 Rd8 24. Rd6 Be8 25. Rbd1 Rxd6 26. cxd6+ Kd7 27.
Rb1 h5 28. h3 h4 29. Rb6 Kc8 30. c4 Bd7 31. c5 Ra8 32. Bh7 Be8 33. Kf2 Rb8 34.
g3 Kd7 35. gxh4 gxh4 36. f4 Kc8 37. Kf3 Bd7 38. Kg4 Kd8 39. Kxh4 Ke8 40. Kg5 Kf8
41. Kf6 Bc8 42. h4 Ra8 43. h5 Rb8 44. h6 Bd7 45. Be4 Ke8 46. h7 {Black resigns}
1-0

[Event "Team 45 45 League T91"]
[Site "Internet Chess Club"]
[Date "2022.02.20"]
[Round "6"]
[White "Redman1"]
[Black "Timmah4651"]
[Result "0-1"]
[WhiteElo "1567"]
[BlackElo "1696"]
[Opening "QGD Slav: 4.Nc3"]
[ECO "D15"]
[Time "08:01:27"]
[PlyCount "108"]
[TimeControl "2700+45"]

1. c4 Nf6 2. Nc3 c6 3. Nf3 d5 4. d4 a6 5. c5 Qc7 6. g3 Bg4 7. Bf4 Qc8 8. h3 Bh5
9. Bg2 Nbd7 10. O-O e6 11. Qd2 Be7 12. b4 Bxf3 13. Bxf3 b5 14. a4 O-O 15. axb5
axb5 16. Qb2 Qb7 17. e3 Rxa1 18. Rxa1 Ra8 19. Ne2 Ra6 20. Nc1 Qa7 21. Rxa6 Qxa6
22. Nb3 Bd8 23. Qa1 Qxa1+ 24. Nxa1 Ne8 25. Nb3 Bc7 26. Na5 Nb8 27. Kf1 Bxf4 28.
gxf4 Nc7 29. Ke2 Nca6 30. Kd3 Nxb4+ 31. Kc3 N4a6 32. e4 Kf8 33. exd5 exd5 34.
Bg4 Ke7 35. Bc8 Nc7 36. Bb7 Kd7 37. f5 g6 38. fxg6 fxg6 39. Kd3 Ne6 40. Ke3 g5
41. Nb3 Nf4 42. Kf3 Nxh3 43. Kg4 Nxf2+ 44. Kxg5 Kc7 45. Ba8 Na6 46. Kh6 Nb4 47.
Na5 Nh3 48. Kxh7 Nf4 49. Kg7 Ne2 50. Kf6 Nxd4 51. Ke5 Nf3+ 52. Kf4 Nd2 53. Ke3
Nc4+ 54. Nxc4 dxc4 {White resigns} 0-1

[Event "Team 45 45 League T91"]
[Site "Internet Chess Club"]
[Date "2022.02.19"]
[Round "6"]
[White "Grenadier"]
[Black "Constrictor"]
[Result "1-0"]
[WhiteElo "1541"]
[BlackElo "1443"]
[Opening "Caro-Kann: advance variation"]
[ECO "B12"]
[Time "10:30:44"]
[PlyCount "133"]
[TimeControl "2700+45"]

1. e4 c6 2. d4 d5 3. e5 Bf5 4. Nf3 e6 5. c3 Nd7 6. Bd3 Bxd3 7. Qxd3 c5 8. O-O
cxd4 9. cxd4 Ne7 10. Bg5 Qb6 11. b3 Nc6 12. Nc3 Be7 13. Bxe7 Nxe7 14. Nb5 O-O
15. Nd6 Nc8 16. Ng5 g6 17. Qh3 h5 18. Nxe6 Nxd6 19. Nxf8 Nxf8 20. exd6 Qxd6 21.
Rac1 Ne6 22. Qe3 Re8 23. Rfe1 Ng7 24. Qc3 Rxe1+ 25. Rxe1 Nf5 26. Qc8+ Kg7 27.
Qe8 Nxd4 28. Qe5+ Qxe5 29. Rxe5 Nc6 30. Rxd5 Nb4 31. Rb5 Nxa2 32. Rxb7 a5 33.
Ra7 Nc1 34. Rxa5 Nxb3 35. Ra7 Nc5 36. f3 Ne6 37. Kf2 Kf6 38. h3 Kg7 39. g4 hxg4
40. hxg4 Kf6 41. Ke3 Kg7 42. f4 Kf6 43. Ke4 Nc5+ 44. Kd5 Nd3 45. Ke4 Nc5+ 46.
Kd5 Nd3 47. g5+ Kg7 48. Ke4 Nc5+ 49. Kd4 Ne6+ 50. Ke5 Nc5 51. Rc7 Ne6 52. Rc6
Nf8 53. Rd6 Nh7 54. Rd8 Nf8 55. Rd6 Nh7 56. Ra6 Nf8 57. Kd6 Ne6 58. Ra4 Nf8 59.
Re4 Nh7 60. Re8 Nf8 61. Re1 Nh7 62. Ke7 Nf8 63. Ke8 Ne6 64. Rxe6 fxe6 65. Ke7
Kg8 66. Kxe6 Kg7 67. Ke7 {Black resigns} 1-0

[Event "Team 45 45 League T91"]
[Site "Internet Chess Club"]
[Date "2022.02.21"]
[Round "6"]
[White "Chess4Him"]
[Black "seattleblues"]
[Result "1-0"]
[WhiteElo "1445"]
[BlackElo "1271"]
[Opening "Queen's pawn, Mason variation, Steinitz counter-gambit"]
[ECO "D00"]
[Time "11:00:46"]
[PlyCount "85"]
[TimeControl "2700+45"]

1. d4 d5 2. Bf4 c5 3. e3 Nf6 4. c3 Bg4 5. Qb3 Qb6 6. dxc5 Qxb3 7. axb3 e6 8.
Bxb8 Rxb8 9. Rxa7 Bxc5 10. Ra4 Bf5 11. Bb5+ Nd7 12. Nd2 Bc2 13. Ngf3 Rd8 14. Nd4
Bg6 15. b4 Bxd4 16. exd4 Ke7 17. O-O Bc2 18. b3 Ra8 19. Rfa1 Nb6 20. Ra7 Rhb8
21. c4 Rxa7 22. Rxa7 Nc8 23. Ra5 b6 24. Ra2 Bg6 25. Bc6 dxc4 26. bxc4 Nd6 27.
Ra7+ Kf8 28. Ra8 Rxa8 29. Bxa8 Bd3 30. c5 bxc5 31. dxc5 Ne8 32. Be4 Bxe4 33.
Nxe4 Nc7 34. Kf1 h6 35. Ke2 Ke7 36. Kd3 f5 37. Nc3 Na6 38. Kc4 Kd7 39. Kb5 Nc7+
40. Kb6 Nd5+ 41. Nxd5 exd5 42. Kb7 d4 43. c6+ {Black resigns} 1-0

[Event "Team 45 45 League T91"]
[Site "Internet Chess Club"]
[Date "2022.02.21"]
[Round "6"]
[White "Gojira"]
[Black "Kingofknights"]
[Result "1-0"]
[WhiteElo "1545"]
[BlackElo "1555"]
[Opening "Queen's pawn: Chigorin variation"]
[ECO "D00"]
[Time "20:30:24"]
[PlyCount "79"]
[TimeControl "2700+45"]

1. d4 d5 2. Nc3 Nf6 3. Bf4 a6 4. e3 e6 5. Nf3 c5 6. dxc5 Bxc5 7. Bd3 Nc6 8. a3
b5 9. b4 Bd6 10. Bg3 Bb7 11. e4 dxe4 12. Nxe4 Nxe4 13. Bxe4 Bxg3 14. hxg3 f5 15.
Bd3 Qf6 16. O-O Kf7 17. c4 bxc4 18. Bxc4 Rad8 19. Qa4 Nb8 20. Rad1 h6 21. Rfe1
Rxd1 22. Qxd1 Re8 23. Ne5+ Kg8 24. Nd7 Nxd7 25. Qxd7 Re7 26. Bxe6+ Kf8 27. Qd8+
Re8 28. Qd6+ Re7 29. Qb8+ Re8 30. Qxb7 Rxe6 31. Qc8+ Kf7 32. Qd7+ Qe7 33. Qxe7+
Rxe7 34. Rxe7+ Kxe7 35. Kf1 Kd6 36. Ke2 Kd5 37. Kd3 g5 38. f3 h5 39. a4 g4 40.
f4 {Black resigns} 1-0

[Event "Team 45 45 League T91"]
[Site "Internet Chess Club"]
[Date "2022.02.20"]
[Round "6"]
[White "seattleblues"]
[Black "seldredg"]
[Result "1-0"]
[WhiteElo "1280"]
[BlackElo "1293"]
[Opening "Dutch"]
[ECO "A80"]
[Time "19:31:43"]
[PlyCount "87"]
[TimeControl "2700+45"]

1. d4 f5 2. Nf3 Nf6 3. c4 e6 4. Bf4 d6 5. Nc3 Be7 6. e3 O-O 7. Bd3 Qe8 8. Qb3
Na6 9. c5 Nh5 10. Bg5 dxc5 11. Bxe7 Qxe7 12. Bxa6 bxa6 13. O-O Bd7 14. Ne5 cxd4
15. exd4 Rab8 16. Qd1 Nf4 17. Qf3 g5 18. b3 Qe8 19. Rac1 Rb4 20. Rfd1 c6 21. Na4
Ng6 22. Nxd7 Qxd7 23. Nc5 Qd5 24. Qxd5 exd5 25. Nxa6 Rb7 26. Rxc6 Nf4 27. Kf1
Kg7 28. Nc5 Re7 29. g3 Ng6 30. Ne6+ Kf7 31. Nxf8 Kxf8 32. Rf6+ Kg7 33. Rxf5 Kh6
34. Rxd5 Rc7 35. Re1 Rc3 36. Rd6 g4 37. Ree6 Rf3 38. Re7 Rf8 39. Rxa7 Rb8 40.
Rdd7 Nf8 41. Ra6+ Ng6 42. Ke2 Re8+ 43. Kd3 Re1 44. Rf7 {Black resigns} 1-0

[Event "Team 45 45 League T91"]
[Site "Internet Chess Club"]
[Date "2022.02.20"]
[Round "6"]
[White "Fulmar"]
[Black "olivermx"]
[Result "1-0"]
[WhiteElo "1289"]
[BlackElo "1312"]
[Opening "Queen's pawn game, Rubinstein (Colle-Zukertort) variation"]
[ECO "D05"]
[Time "11:20:13"]
[PlyCount "63"]
[TimeControl "2700+45"]

1. d4 d5 2. Nf3 Nf6 3. e3 e6 4. Bd3 c5 5. b3 b6 6. Nbd2 Bb7 7. Bb2 Nbd7 8. O-O
Be7 9. Ne5 Nxe5 10. dxe5 Nd7 11. Qg4 O-O 12. Qh3 h6 13. Nf3 Rc8 14. c4 Nb8 15.
Rfd1 Qc7 16. Rd2 Rcd8 17. Rad1 dxc4 18. bxc4 Nc6 19. a3 Nb8 20. Qh5 Nd7 21. h4
Bxf3 22. gxf3 f5 23. exf6 Bxf6 24. Bxf6 Rxf6 25. Kh1 Ne5 26. Bh7+ Kxh7 27. Rxd8
Nxf3 28. R1d6 Qf7 29. Qxf7 Rxf7 30. Rxe6 Nxh4 31. f4 Rd7 32. Rxd7 {Black
resigns} 1-0

[Event "Team 45 45 League T91"]
[Site "Internet Chess Club"]
[Date "2022.02.19"]
[Round "6"]
[White "kabubi"]
[Black "CMAlge"]
[Result "1-0"]
[WhiteElo "1172"]
[BlackElo "1260"]
[Opening "Caro-Kann defense"]
[ECO "B10"]
[Time "12:00:15"]
[PlyCount "107"]
[TimeControl "2700+45"]

1. e4 c6 2. Nf3 d5 3. d3 dxe4 4. dxe4 Qxd1+ 5. Kxd1 Nf6 6. Nbd2 Bg4 7. Be2 e6 8.
h3 Bh5 9. g4 Bg6 10. Bd3 Nbd7 11. e5 Bxd3 12. exf6 Ba6 13. fxg7 Bxg7 14. Ne4 Ne5
15. Nxe5 Bxe5 16. Bg5 Bxb2 17. Rb1 Be5 18. Nc5 Rb8 19. Nxa6 bxa6 20. Rxb8+ Bxb8
21. Ke2 Bd6 22. Rb1 Rg8 23. f4 e5 24. fxe5 Bxe5 25. Be3 Rg6 26. Rb7 Re6 27. Kd3
Re7 28. Rxe7+ Kxe7 29. Bxa7 Ke6 30. Ke4 Bd6 31. a4 c5 32. c4 Be5 33. Bxc5 Bd6
34. Bd4 f6 35. c5 Bc7 36. h4 Bg3 37. h5 Be5 38. Kd3 f5 39. gxf5+ Kxf5 40. Kc4
Ke6 41. Bxe5 Kxe5 42. Kb4 Kd5 43. Ka5 Kxc5 44. Kxa6 Kc6 45. h6 Kc7 46. Kb5 Kb7
47. a5 Ka7 48. Kc6 Ka6 49. Kd6 Kxa5 50. Ke7 Kb6 51. Kf7 Kc7 52. Kg7 Kd7 53. Kxh7
Ke7 54. Kg7 {Black resigns} 1-0

[Event "Team 45 45 League T91"]
[Site "Internet Chess Club"]
[Date "2022.02.17"]
[Round "6"]
[White "Denis240964"]
[Black "marioseixas1992"]
[Result "0-1"]
[WhiteElo "1392"]
[BlackElo "1542"]
[Opening "King's Indian: 6.Be2"]
[ECO "E91"]
[Time "13:01:51"]
[PlyCount "98"]
[TimeControl "2700+45"]

1. Nf3 Nf6 2. d4 g6 3. c4 Bg7 4. Nc3 O-O 5. e4 d6 6. Be2 c5 7. d5 Nbd7 8. O-O
Ne8 9. Be3 e5 10. dxe6 fxe6 11. Qd2 b6 12. Bh6 Qe7 13. Bxg7 Kxg7 14. Rfd1 Bb7
15. e5 Nxe5 16. Nxe5 dxe5 17. Qd7 Rf7 18. Qxe7 Rxe7 19. Rd2 Kf6 20. Rad1 Ng7 21.
Rd7 e4 22. g4 Bc6 23. g5+ Kf7 24. Rd8 Rxd8 25. Rxd8 Re8 26. Rd6 Rc8 27. Bg4 Ke7
28. Rd1 Rf8 29. Re1 Rf4 30. Bh3 Nf5 31. Bg2 e3 32. fxe3 Rg4 33. e4 Nh4 34. Re2
Rxg5 35. Nd5+ Bxd5 36. exd5 Rxg2+ 37. Rxg2 Nxg2 38. Kxg2 exd5 39. cxd5 Kd6 40.
Kf3 Kxd5 41. Kg4 h6 42. h4 Kd4 43. Kf4 c4 44. Kf3 b5 45. Ke2 b4 46. a3 bxa3 47.
bxa3 Kc3 48. Kd1 Kb2 49. a4 c3 {White resigns} 0-1

[Event "Team 45 45 League T91"]
[Site "Internet Chess Club"]
[Date "2022.02.16"]
[Round "6"]
[White "sdcohle"]
[Black "Megasus"]
[Result "0-1"]
[WhiteElo "1310"]
[BlackElo "1513"]
[Opening "Sicilian: closed"]
[ECO "B23"]
[Time "20:00:43"]
[PlyCount "72"]
[TimeControl "2700+45"]

1. e4 c5 2. Nc3 b6 3. g3 Bb7 4. Bg2 e6 5. d3 a6 6. Nge2 h6 7. O-O Nf6 8. h3 d5
9. exd5 exd5 10. d4 Be7 11. dxc5 Bxc5 12. Nf4 O-O 13. Ncxd5 Nxd5 14. Nxd5 Qd7
15. Nc3 Bxg2 16. Kxg2 Qb7+ 17. Kh2 Nc6 18. Qf3 Rad8 19. Be3 Bxe3 20. fxe3 Qd7
21. Rad1 Qe6 22. a3 Ne5 23. Qe2 Nc4 24. Rxd8 Rxd8 25. Rd1 Rxd1 26. Nxd1 b5 27.
Qd3 Qe5 28. Qd4 Qe7 29. b4 Nxa3 30. c3 Nc4 31. Qd3 Ne5 32. Qe4 Qd6 33. Qh1 Qd2+
34. Qg2 Nf3+ 35. Kh1 Qxd1+ 36. Qg1 Qxg1# {White checkmated} 0-1

[Event "Team 45 45 League T91"]
[Site "Internet Chess Club"]
[Date "2022.02.20"]
[Round "6"]
[White "dwmt"]
[Black "rhayder"]
[Result "0-1"]
[WhiteElo "1166"]
[BlackElo "964"]
[Opening "Sicilian: closed, 2...Nc6"]
[ECO "B23"]
[Time "19:10:11"]
[PlyCount "102"]
[TimeControl "2700+45"]

1. e4 c5 2. Nc3 Nc6 3. Bc4 e6 4. a3 Nf6 5. d3 Ne5 6. Ba2 b5 7. Nf3 Nxf3+ 8. Qxf3
b4 9. axb4 cxb4 10. Nb5 a6 11. Nd4 Bb7 12. O-O Bc5 13. Nb3 Bb6 14. Be3 O-O 15.
Nc5 Bc6 16. Nb3 Bxe3 17. Qxe3 Ng4 18. Qc5 a5 19. h3 Nf6 20. Nd4 Rc8 21. Qg5 Ba4
22. b3 Bc6 23. Qc1 e5 24. Nf3 Re8 25. Nd2 d5 26. f3 Nh5 27. Qe1 Qg5 28. g4 Nf4
29. Kh2 d4 30. h4 Qe7 31. Nc4 Bb5 32. Rc1 Bxc4 33. bxc4 a4 34. Rb1 Rb8 35. Rb2
a3 36. Rb3 Ne6 37. Kg3 Nc5 38. Rxb4 Nxd3 39. Rxb8 Nxe1 40. Rxe8+ Qxe8 41. Rxe1
Qa4 42. Bb3 Qb4 43. Ra1 f6 44. Rb1 Kf7 45. Ba2 Qd2 46. c5+ Kg6 47. h5+ Kg5 48.
c6 Qxc2 49. Rb7 Qxa2 50. Rxg7+ Kh6 51. Rg6+ hxg6 {White resigns} 0-1